 Dungeon Crawl Stone Soup version 0.29-a0-275-g389c0b56f3 (webtiles) character file.

Game seed: 10210431248247649755

22696 cfesf the Unseen (level 12, -13/66 HPs)
             Began as a Spriggan Enchanter on Mar 9, 2022.
             Was a High Priest of Dithmenos.
             Mangled by a +5 long sword (26 damage)
             ... on level 13 of the Dungeon.
             The game lasted 00:47:23 (12261 turns).

cfesf the Unseen (Spriggan Enchanter)              Turns: 12261, Time: 00:47:24

Health: -13/66     AC:  4    Str: 11    XL:     12   Next: 65%
Magic:  30/30      EV: 21    Int: 24    God:    Dithmenos [*****.]
Gold:   443        SH:  0    Dex: 15    Spells: 26/37 levels left

rFire   + . .      SeeInvis +   f - +4 dagger (venom)
rCold   . . .      Faith    .   (no shield)
rNeg    . . .      Spirit   .   i - +2 robe {rF+}
rPois   +          Reflect  .   c - +0 hat "Uvexkarot" {Str+3}
rElec   .          Harm     .   z - scarf {repulsion}
rCorr   .          Rampage  .   (gloves unavailable)
Will    ++...                   (boots unavailable)
Stlth   ++++++++++              h - amulet of regeneration
HPRegen 1.01/turn               b - +6 ring of intelligence
MPRegen 0.22/turn               r - ring of poison resistance

@: wreathed by umbra, repel missiles, very quick
A: very small, no large weapons, unfitting armour, see invisible, speed 3,
antennae 1, robust 1, wild magic 1
a: Renounce Religion, Shadow Step, Shadow Form


You were on level 13 of the Dungeon.
You worshipped Dithmenos.
Dithmenos was extremely pleased with you.
You visited 2 branches of the dungeon, and saw 14 of its levels.
You also visited: Sewer and Gauntlet.

You collected 905 gold pieces.
You spent 462 gold pieces at shops.

Inventory:

Hand Weapons
 f - a +4 dagger of venom (weapon)
 k - a +2 spectral dagger
Missiles
 t - a throwing net (quivered)
 A - a curare-tipped dart
Armour
 c - the +0 hat "Uvexkarot" (worn) {Str+3}
   (You found it in a Gauntlet)

   Str:       It affects your strength (+3).
 e - the +1 troll leather armour "Faedimn" {rN+ Regen+ Dex+3 SInv}
   (You found it in a Gauntlet)

   Dex:       It affects your dexterity (+3).
   rN:        It protects you from negative energy.
   SInv:      It lets you see invisible.
   Regen:     It increases your rate of health regeneration.
 i - a +2 robe of fire resistance (worn)
 z - a scarf of repulsion (worn)
 H - a +2 robe of cold resistance
Jewellery
 b - a +6 ring of intelligence (left hand)
 h - an amulet of regeneration (around neck)
 o - a ring of protection from cold
 r - a ring of poison resistance (right hand)
 s - a ring of flight
 x - a +6 ring of intelligence
 B - a ring of magical power
Wands
 m - a wand of polymorph (7)
 n - a wand of mindburst (7)
 v - a wand of digging (6)
 C - a wand of flame (12)
 F - a wand of paralysis (1)
Scrolls
 p - 3 scrolls of fear
 q - 6 scrolls of identify
 u - 6 scrolls of enchant armour
 y - a scroll of teleportation
 G - 3 scrolls of blinking
Potions
 a - 4 potions of might
 d - 7 potions of curing
 g - 4 potions of lignification
 j - 4 potions of heal wounds
 l - 4 potions of attraction
 w - a potion of mutation
 D - a potion of ambrosia


   Skills:
 + Level 5.0 Fighting
 + Level 6.9 Short Blades
 + Level 8.5 Dodging
 + Level 16.2 Stealth
 + Level 13.3 Spellcasting
 + Level 13.5 Hexes


You had 26 spell levels left.
You knew the following spells:

 Your Spells              Type           Power      Damage    Failure   Level
a - Ensorcelled Hibernat  Hex/Ice        100%       N/A       1%          2
b - Tukima's Dance        Hex            81%        N/A       1%          3
c - Dazzling Flash        Conj/Hex       100%       N/A       1%          3
d - Confusing Touch       Hex            81%        N/A       1%          3

Your spell library contained the following spells:

 Spells                   Type           Power      Damage    Failure   Level
 Foxfire                  Conj/Fire      80%        2x1d8     6%          1
 Freeze                   Ice            80%        1d9       6%          1
 Pain                     Necr           80%        1d8       6%          1
 Passwall                 Tmut/Erth      16%        N/A       9%          2
 Silence                  Hex/Air        29%        N/A       10%         5
 Call Canine Familiar     Summ           20%        N/A       16%         3
 Conjure Flame            Conj/Fire      20%        6-21      16%         3
 Frozen Ramparts          Ice            40%        1d6       16%         3
 Ozocubu's Armour         Ice            20%        N/A       16%         3
 Animate Dead             Necr           10%        N/A       45%         4
 Hailstorm                Conj/Ice       20%        3d6       45%         4
 Ice Form                 Ice/Tmut       20%        N/A       45%         4
 Summon Ice Beast         Ice/Summ       20%        N/A       45%         4
 Discord                  Hex            40%        N/A       75%         8
 Agony                    Necr           20%        N/A       78%         5
 Excruciating Wounds      Necr           10%        N/A       78%         5
 Conjure Ball Lightning   Conj/Air       10%        3x3d6     100%        6
 Haunt                    Necr/Summ      10%        N/A       100%        7
 Ozocubu's Refrigeration  Ice            10%        4d7       100%        7
 Disjunction              Tloc           10%        N/A       100%        8
 Infestation              Necr           10%        N/A       100%        8


Dungeon Overview and Level Annotations

Branches:
Dungeon (13/15)            Temple (1/1) D:5            Lair (0/6) D:8
    Orc (0/2) D:11         Vaults (0/5) D:13          Sewer (visited)
Gauntlet (visited)

Altars:
Dithmenos
Elyvilon
Nemelex Xobeh
Qazlal
Trog
Uskayaw
Vehumet
Zin

Shops:
D:9 !   D:12 *

Annotations:
D:11 3 runed translucent doors, BlueGoblin's ghost, journeyman SpMo


Innate Abilities, Weirdness & Mutations

You are very small and have problems with some larger weapons.
You are too small for most types of armour.
You have supernaturally acute eyesight. (SInv)
You cover ground extremely quickly. (Speed+++)
You have a pair of small antennae on your head.
You are robust. (+10% HP)
Your spells are a little harder to cast, but a little more powerful.


Message History

Found a potion of degeneration.
A centaur warrior comes into view.
The helpless centaur warrior fails to defend itself.
You stick the centaur warrior like a pincushion!!!!
You kill the centaur warrior!
Dithmenos accepts your kill.
A +5 long sword comes into view.
A +4 long sword comes into view.
Found a gate to the Vaults.
You barely miss the +5 long sword.
Your shadow hits the +5 long sword but does no damage.
The +5 long sword misses you.
Unknown command.
Unknown command.
Okay, then.
Unknown command.
Aiming: Paralyse
Press: ? - help, Shift-Dir - straight line, f - you
Okay, then.
Unknown command.
Unknown command.
Unknown command.
Unknown command.
Unknown command.
Unknown command.
Unknown command.
Unknown command.
Unknown command.
The +5 long sword attacks as you move away!
The +5 long sword hits you!
The +5 long sword attacks as you move away!
The +5 long sword hits you!
The +5 long sword attacks as you move away!
The +5 long sword hits you!!
The +5 long sword attacks as you move away!
The +5 long sword hits you!
* * * LOW HITPOINT WARNING * * *
The +5 long sword attacks as you move away!
The +5 long sword hits you!!
You die...

#.........#####....#
#...........∩(.....#
.........#####....#
#........#!#.....#
#................#
#....)...........#
#................#
#..#######(......#
#.. #@......# #..#
#.####### #..# #.#
#..# #.####### #..#
#.......# #..#
#.......#
#..#######.......#
#................#
####................#


You could see a +5 long sword.

Vanquished Creatures
  A storm dragon (D:13)
  An orc warlord (D:13)
  A yaktaur captain (D:13)
  2 hydras
  Erica (D:11)
  A boulder beetle (D:11)
  4 vault guards (D:13)
  A two-headed ogre (D:11)
  2 centaur warriors (D:13)
  2 manticores (D:11)
  An unseen horror (D:11)
  A komodo dragon (D:13)
  Psyche (D:11)
  4 trolls
  A shadow (D:12)
  Sigmund (D:5)
  4 hogs (D:7)
  3 wraiths
  A human (D:7)
  2 basilisks
  10 yaks
  4 wyverns
  Menkaure (D:4)
  2 steam dragons
  7 vampire mosquitoes
  2 acid dragons
  7 water moccasins
  6 orc warriors
  2 black bears (D:8)
  5 sky beasts
  2 wolves (D:8)
  4 centaurs
  A phantom (D:5)
  A kobold brigand (D:8)
  3 bullfrogs
  3 scorpions
  8 wights
  8 killer bees
  3 howler monkeys
  10 orc priests
  2 jellies (D:7)
  A gnoll shaman (D:6)
  Jessica (D:2)
  6 iguanas
  12 orc wizards
  8 gnolls
  7 adders
  A river rat (D:6)
  2 shadow imps
  3 white imps
  An ufetubus (D:3)
  4 worms (D:6)
  5 dart slugs
  45 orcs
  6 ball pythons
  11 endoplasms
  5 giant cockroaches
  7 goblins
  2 hobgoblins
  2 jackals (D:3)
  2 quokkas (D:4)
  7 bats
  4 frilled lizards
  10 kobolds
  9 rats
287 creatures vanquished.

Vanquished Creatures (collateral kills)
  A necromancer (Gauntlet)
  3 orc warriors
  A centaur (D:13)
  6 wights
  2 orc priests
  3 orcs
  5 kobolds (D:8)
21 creatures vanquished.

Vanquished Creatures (others)
  5 dancing weapons
  22 plants
27 creatures vanquished.

Grand Total: 335 creatures vanquished

Notes
Turn   | Place    | Note
-------+----------+-------------------------------------------
     0 | D:1      | cfesf the Spriggan Enchanter began the quest for the Orb.
     0 | D:1      | Reached XP level 1. HP: 9/9 MP: 5/5
   142 | D:1      | Reached XP level 2. HP: 12/13 MP: 7/7
   145 | D:1      | Learned a level 2 spell: Ensorcelled Hibernation
   773 | D:1      | Reached XP level 3. HP: 16/16 MP: 9/9
   777 | D:1      | Learned a level 3 spell: Tukima's Dance
   781 | D:1      | Learned a level 3 spell: Confusing Touch
  1136 | D:2      | Noticed Jessica
  1150 | D:2      | Killed Jessica
  1151 | D:2      | Reached skill level 5 in Hexes
  1151 | D:2      | Reached XP level 4. HP: 21/21 MP: 6/11
  1434 | D:2      | Found a faded altar of an unknown god.
  1629 | D:2      | Reached XP level 5. HP: 24/24 MP: 13/13
  1816 | D:3      | Learned a level 3 spell: Dazzling Flash
  2052 | D:3      | Reached skill level 5 in Spellcasting
  2244 | D:3      | Noticed a sky beast
  2256 | D:3      | Killed a sky beast
  2257 | D:3      | Reached skill level 5 in Stealth
  2257 | D:3      | Reached XP level 6. HP: 16/28 MP: 11/15
  2609 | D:4      | Reached skill level 6 in Stealth
  2656 | D:4      | Found a glowing silver altar of Zin.
  2778 | D:4      | Noticed an orc warrior
  2799 | D:4      | Reached XP level 7. HP: 32/32 MP: 12/17
  2857 | D:4      | Reached skill level 7 in Stealth
  2991 | D:4      | Noticed Menkaure
  2996 | D:4      | Killed Menkaure
  3252 | D:5      | Entered Level 5 of the Dungeon
  3345 | D:5      | Found a staircase to the Ecumenical Temple.
  3369 | Temple   | Entered the Ecumenical Temple
  3416 | Temple   | Became a worshipper of Dithmenos the Shadowed
  3516 | D:5      | Reached skill level 8 in Stealth
  3584 | D:5      | Reached XP level 8. HP: 21/36 MP: 7/20
  3803 | D:5      | Reached skill level 9 in Stealth
  4064 | D:5      | Noticed Sigmund
  4067 | D:5      | Killed Sigmund
  4356 | D:6      | Found a glowing drain.
  4367 | D:6      | Reached * piety under Dithmenos
  4379 | Sewer    | Entered a sewer
  4437 | Sewer    | Reached skill level 10 in Stealth
  4705 | D:6      | Gained mutation: Your spells are a little harder to cast,
                  | but a little more powerful. [potion of mutation]
  4705 | D:6      | Gained mutation: You have a pair of small antennae on your
                  | head. [potion of mutation]
  4705 | D:6      | Gained mutation: You are robust. (+10% HP) [potion of
                  | mutation]
  4814 | D:6      | Reached XP level 9. HP: 42/42 MP: 21/23
  4827 | D:6      | Found a white marble altar of Elyvilon.
  4882 | D:6      | Found a hide-covered altar of Uskayaw.
  4882 | D:6      | Noticed a +0 hand axe
  4882 | D:6      | Noticed a +0 hand axe
  5085 | D:6      | Reached skill level 11 in Stealth
  5400 | D:7      | Identified the +3 ring mail "Yjana" {rElec Str+8 Dex-2}
  5506 | D:7      | Reached skill level 10 in Hexes
  6058 | D:7      | Reached ** piety under Dithmenos
  6331 | D:7      | Reached skill level 12 in Stealth
  6331 | D:7      | Reached skill level 10 in Spellcasting
  6658 | D:7      | Reached XP level 10. HP: 48/48 MP: 25/25
  6831 | D:8      | Reached skill level 13 in Stealth
  7129 | D:8      | Found a sparkling altar of Nemelex Xobeh.
  7264 | D:8      | Reached *** piety under Dithmenos
  7272 | D:8      | Reached skill level 1 in Fighting
  7293 | D:8      | Found a staircase to the Lair.
  7605 | D:9      | Found Dypriphanui's Distillery.
  7608 | D:9      | Bought a potion of heal wounds for 70 gold pieces
  7608 | D:9      | Bought 2 potions of curing for 84 gold pieces
  7608 | D:9      | Bought a potion of heal wounds for 70 gold pieces
  7608 | D:9      | Bought a potion of heal wounds for 70 gold pieces
  7608 | D:9      | Bought a potion of heal wounds for 70 gold pieces
  7608 | D:9      | Bought a potion of curing for 42 gold pieces
  7608 | D:9      | Bought a potion of might for 56 gold pieces
  7862 | D:9      | Reached skill level 14 in Stealth
  8137 | D:9      | Identified the +0 leather armour "Kipnek Ceaz" {rN+++}
  8139 | D:9      | Paralysed by a wight for 7 turns
  8360 | D:10     | Entered Level 10 of the Dungeon
  8484 | D:10     | Reached XP level 11. HP: 55/55 MP: 24/27
  8504 | D:10     | Reached skill level 5 in Dodging
  8805 | D:10     | Reached **** piety under Dithmenos
  9147 | D:11     | Noticed Erica
  9154 | D:11     | Killed Erica
  9178 | D:11     | Found a runed translucent gate.
  9178 | D:11     | Found a runed translucent gate.
  9178 | D:11     | Found a runed translucent gate.
  9180 | D:11     | Noticed BlueGoblin's ghost (journeyman SpMo)
  9291 | D:11     | Noticed a seven-headed hydra
  9315 | D:11     | HP: 2/57 [seven-headed hydra (2)]
  9350 | D:11     | Noticed Psyche
  9355 | D:11     | Killed Psyche
  9551 | D:11     | Found a gate leading to a gauntlet.
  9557 | Gauntlet | Entered a Gauntlet
  9557 | Gauntlet | Noticed a death scarab
  9557 | Gauntlet | Found a transporter.
  9557 | Gauntlet | Found a transporter.
  9558 | Gauntlet | Found a transporter.
  9558 | Gauntlet | Found a transporter.
  9561 | Gauntlet | Found a transporter.
  9561 | Gauntlet | Found a transporter.
  9570 | Gauntlet | Noticed a necromancer
  9571 | Gauntlet | Found a transporter.
  9575 | Gauntlet | Found a transporter.
  9585 | Gauntlet | Found a transporter.
  9587 | Gauntlet | Noticed a dire elephant
  9685 | Gauntlet | Found a transporter.
  9689 | Gauntlet | Found a transporter.
  9699 | Gauntlet | Found a transporter.
  9852 | Gauntlet | Got the Almanac of the Cloudy Rocks
  9860 | Gauntlet | Identified the +8 shortbow of Wrath {freeze, +Blink Str-5
                  | Dex+3}
  9862 | Gauntlet | Identified the +2 pair of boots of the Wasteland {rF- Str+9
                  | Dex-3 Stlth+}
  9920 | Gauntlet | Killed a necromancer
 10240 | Gauntlet | Identified the +0 hat "Uvexkarot" {Str+3}
 10273 | Gauntlet | Identified the ring of Hocog {rElec rF+ Str+4}
 10273 | Gauntlet | Noticed a minotaur
 10311 | Gauntlet | Identified the +1 troll leather armour "Faedimn" {rN+
                  | Regen+ Dex+3 SInv}
 10312 | Gauntlet | Got the Almanac of Creation and the Volcanoes
 10315 | Gauntlet | Identified the +2 ring mail of Giereth {Fly rElec rF-
                  | Int-4}
 10550 | D:11     | Noticed a two-headed ogre
 10553 | D:11     | Killed a two-headed ogre
 10554 | D:11     | Reached skill level 5 in Short Blades
 10554 | D:11     | Reached skill level 15 in Stealth
 10659 | D:11     | Found a staircase to the Orcish Mines.
 10690 | D:11     | Noticed a boulder beetle
 10698 | D:11     | Killed a boulder beetle
 10937 | D:11     | Killed a seven-headed hydra
 11018 | D:12     | Found Sorchaugyi's General Store.
 11532 | D:13     | Noticed a five-headed hydra
 11545 | D:13     | Killed a five-headed hydra
 11546 | D:13     | Reached XP level 12. HP: 63/63 MP: 23/29
 11686 | D:13     | Noticed a centaur warrior
 11691 | D:13     | Killed a centaur warrior
 11735 | D:13     | Noticed a vault guard
 11736 | D:13     | Noticed a vault guard
 11736 | D:13     | Noticed a vault guard
 11736 | D:13     | Noticed a yaktaur captain
 11736 | D:13     | Noticed a vault guard
 11736 | D:13     | Found the +5 sword of Power {vorpal}
 11737 | D:13     | Noticed a vault guard
 11755 | D:13     | Killed a vault guard
 11770 | D:13     | Killed a vault guard
 11788 | D:13     | Noticed an orc warlord
 11805 | D:13     | Killed an orc warlord
 11818 | D:13     | Noticed a vault guard
 11829 | D:13     | Noticed a vault guard
 11845 | D:13     | Killed a vault guard
 11847 | D:13     | Killed a yaktaur captain
 11978 | D:13     | Killed a vault guard
 11979 | D:13     | Reached skill level 16 in Stealth
 12071 | D:13     | Noticed a vault guard
 12071 | D:13     | Noticed a storm dragon
 12100 | D:13     | Killed a storm dragon
 12100 | D:13     | Reached ***** piety under Dithmenos
 12203 | D:13     | Reached skill level 5 in Fighting
 12236 | D:13     | Noticed a centaur warrior
 12241 | D:13     | Killed a centaur warrior
 12253 | D:13     | Found a gate to the Vaults.
 12261 | D:13     | Mangled by a +5 long sword

Illustrated notes

Levels and vault maps discovered:
D:1:      erik_arrival_blinker_ship, layout_basic
D:2:      layout_loops_ring, hellmonk_ecumenical_altar_crossroads, uniq_jessica
D:3:      layout_basic
D:4:      layout_rooms, lemuel_doored_altar, uniq_menkaure
D:5:      layout_basic, temple_pool_b, uniq_sigmund
D:6:      layout_loops_ring, mainiacjoe_overflow_surrounded_room,
          dancing_weapons_uskayaw, lightli_sewer_entry_pipes
D:7:      layout_basic, grunt_livestock, nrook_mini_backslash
D:8:      layout_basic, nemelex_xobeh_ov_fountains_minmay,
          minmay_lair_entry_grove
D:9:      layout_roguey, serial_shops, nicolae_stop_n_shop_2
D:10:     layout_long_grid, dreamdust_princess_corridor
D:11:     layout_basic, hiddenorc1_lemuel, gauntlet_entry_generic,
          ebering_ghost_rock_garden, uniq_psyche, uniq_erica
D:12:     layout_basic, serial_shops, shop
D:13:     minmay_guarded_unrand_sword_of_power, layout_irregular_city,
          erik_vaults_1, solitary_fountain
Temple:   dpeg_five_rooms_temple

Skill      XL: |  1  2  3  4  5  6  7  8  9 10 11 12 |
---------------+-------------------------------------+-----
Spellcasting   | 3 4 5 6 7 9 10 11 12 13 | 13.3
Hexes          | 4 5 6 7 9 10 12 13 | 13.5
Stealth        | 5 6 8 10 12 14 15 16 | 16.2
Dodging        | 4 7 8 |  8.5
Fighting       | 2 4 5 |  5.0
Short Blades   | 3 5 6 |  6.9

Action                   |  1- 3 |  4- 6 |  7- 9 | 10-12 || total
-------------------------+-------+-------+-------+-------++-------
Melee: Dagger            |   100 |   100 |   199 |   302 ||   701
       Punch             |       |     1 |     2 |     5 ||     8
 Cast: Ensorcelled Hiber |     2 |    11 |    51 |    85 ||   149
       Tukima's Dance    |       |     2 |    13 |    27 ||    42
       Confusing Touch   |       |       |     7 |    12 ||    19
Evoke: Wand              |       |       |       |     6 ||     6
  Use: Potion            |     1 |       |     2 |    12 ||    15
       Scroll            |     7 |     5 |     6 |     7 ||    25
 Stab: Invisible         |     1 |       |       |     4 ||     5
       Sleeping          |     6 |    21 |    48 |    89 ||   164
       Distracted        |     1 |       |       |       ||     1
       Confused          |       |       |     6 |    12 ||    18
Armor: Robe              |    11 |    12 |    17 |    31 ||    71
Dodge: Dodged            |    57 |    49 |   111 |   312 ||   529
       Repelled          |       |       |       |     1 ||     1

Table legend: (Time is in decaauts)
 A = Elapsed time spent in this place.
 B = Non-inter-level travel time spent in this place.
 C = Inter-level travel time spent in this place.
 D = Time resting spent in this place.
 E = Time spent auto-exploring this place.
 F = Levels seen in this place.
 G = Mean time per level.
                   A        B        C        D        E       F      G
               +--------+--------+--------+--------+--------+-----+--------+
         Total |   8957 |   8709 |    248 |    845 |   5522 |  16 |  559.8 |
       Dungeon |   8231 |   8002 |    229 |    566 |   5369 |  13 |  633.2 |
        Temple |     49 |     30 |     19 |      0 |     23 |   1 |   49.0 |
         Sewer |     89 |     89 |      0 |      0 |     38 |   1 |   89.0 |
      Gauntlet |    588 |    588 |      0 |    279 |     90 |   1 |  588.0 |
               +--------+--------+--------+--------+--------+-----+--------+

Top non-repeatable levels by time:
     D:7: 913 daAuts
     D:8: 865 daAuts
     D:6: 799 daAuts
    D:11: 783 daAuts
     D:1: 775 daAuts
     D:5: 667 daAuts
Gauntlet: 588 daAuts
     D:2: 555 daAuts
     D:3: 528 daAuts
    D:10: 528 daAuts
    D:12: 493 daAuts
     D:4: 470 daAuts
    D:13: 456 daAuts
     D:9: 392 daAuts
   Sewer: 89 daAuts
